 Dungeon Crawl Stone Soup version 0.27-a0-679-g77a6b55cf3 (webtiles) character file.

Game seed: 1306637832489922261

21 scammafunk the Grave Robber (level 2, 0/19 HPs)
             Began as a Mummy Necromancer on Mar 18, 2021.
             Slain by an adder (5 damage)
             ... on level 1 of the Dungeon.
             The game lasted 00:05:56 (1396 turns).

scammafunk the Grave Robber (Mummy Necromancer)     Turns: 1396, Time: 00:05:57

Health: 0/19       AC:  2    Str: 11    XL:     2   Next: 65%
Magic:  0/6        EV: 12    Int: 14    God:
Gold:   25         SH:  0    Dex: 12    Spells: 5/7 levels left

rFire    x . .     SeeInvis .   (no weapon)
rCold    + . .     Faith    .   (no shield)
rNeg     + + +     Spirit   .   a - +0 robe
rPois    ∞         Reflect  .   (no helmet)
rElec    .         Harm     .   (no cloak)
rCorr    .         Rampage  .   (no gloves)
Will     .....                  (no boots)
Stlth    ++........             (no amulet)
HPRegen  0.06/turn              (no ring)
MPRegen  0.10/turn              (no ring)

@: no status effects
A: cold resistance 1, negative energy resistance 3, torment resistance 2,
unbreathing 1, heat vulnerability 1, no potions
a: no special abilities


You were on level 1 of the Dungeon.
You visited 1 branch of the dungeon, and saw 2 of its levels.

You collected 25 gold pieces.

Inventory:

Armour
 a - a +0 robe (worn)
Jewellery
 c - a ring of see invisible
Scrolls
 b - a scroll of vulnerability {unknown}
 d - a scroll of identify {unknown}
 e - a scroll of enchant weapon {unknown}


   Skills:
 + Level 1.6 Dodging
 - Level 1.5 Stealth
 - Level 0.1 Unarmed Combat
 * Level 3.0 Spellcasting
 * Level 4.6 Necromancy


You had 5 spell levels left.
You knew the following spells:

 Your Spells              Type           Power      Damage    Failure   Level
a - Pain                  Necr           60%        1d7       3%          1
b - Animate Skeleton      Necr           30%        N/A       3%          1

Your spell library contained the following spells:

 Spells                   Type           Power      Damage    Failure   Level
 Vampiric Draining        Necr           7%         2d7       10%         3
 Animate Dead             Necr           7%         N/A       32%         4
 Agony                    Necr           15%        N/A       65%         5


Dungeon Overview and Level Annotations

Branches:
Dungeon (2/15)

Altars:

Shops:
D:1 *


Innate Abilities, Weirdness & Mutations

You are immune to poison.
Your flesh is cold resistant. (rC+)
You are immune to negative energy. (rN+++)
You are immune to unholy pain and torment.
You can survive without breathing.
You are vulnerable to heat. (rF-)
You do not drink.


Message History

There is a stone staircase leading down here.
Things that are here:
a +0 short sword; 4 stones Done exploring.
There is a stone staircase leading down here.
You climb downwards.
An adder, a worm and a hobgoblin come into view.
The adder hisses angrily.
There is a stone staircase leading up here.
The worm writhes in agony.
The worm writhes in agony.
The worm barely resists.
The worm barely resists.
The worm writhes in agony.
The worm bites you!
The hobgoblin shouts!
The adder closely misses you.
You climb upwards.
There is a stone staircase leading down here.
The adder bites you. The adder closely misses you.
The adder writhes in agony.
The adder barely misses you. The adder bites you.
The adder completely misses you.
There is a stone staircase leading down here.
The adder barely resists.
The adder bites you. The adder closely misses you. The adder bites you.
* * * LOW HITPOINT WARNING * * *
You are too injured to fight recklessly!
You are too injured to fight recklessly!
Casting: Pain (safe; 3% risk of failure)
Confirm with . or Enter, or press ? or * to list all spells.
Aiming: Pain (safe; 3% risk of failure)
Press: ? - help, Shift-Dir - straight line, f/p - adder
Aim: an adder (moderately wounded, chance to affect: 80%)
The adder writhes in agony.
The adder bites you but does no damage.
You closely miss the adder.
The adder is severely wounded.
The adder bites you.
You die...

#####..###########..#####..#.# ##
....##..## ##..##......#.# #.
.######..## ##..####.......# #.
.# ##..## ##..## ###...### #. .#
##..###..#### #...# #.
.#########..#..##..# #...# #.
###.....###...####.#####...#####.
#.###.###...####.#...........##
#.# #.........@S...>...........
#.###..#.###.#.#.#.w.........##
#......#.........#####...#####
########.#.....##### #...# ..#
#.##.##.# #...# #.### #.......#
###..w### ....# ####.####
#.......# #.#.#######.#
#.##.##.#### #.#.........#
#.#.....>..#


You could see a worm and an adder.

Vanquished Creatures
  An ooze (D:1)
  A leopard gecko (D:1)
  2 giant cockroaches (D:1)
  A hobgoblin (D:1)
  6 bats (D:1)
  2 frilled lizards (D:1)
  A goblin (D:1)
  2 kobolds (D:1)
  3 rats (D:1)
19 creatures vanquished.

Notes
Turn   | Place    | Note
-------+----------+-------------------------------------------
     0 | D:1      | scammafunk the Mummy Necromancer began the quest for the
                  | Orb.
     0 | D:1      | Reached XP level 1. HP: 13/13 MP: 4/4
   592 | D:1      | Reached XP level 2. HP: 19/19 MP: 3/5
   717 | D:1      | Found Vaadaolo's Assorted Antiques.
   900 | D:1      | Learned a level 1 spell: Animate Skeleton
  1396 | D:1      | Slain by an adder

Illustrated notes

Levels and vault maps discovered:
D:1:      dpeg_chamrin_arrival_tetris, layout_loops_cross, serial_shops,
          nicolae_shop_window_shopping, chequers_serial_rivers_room_b,
          minmay_misc_feat_secret_circle, serial_park_tiny_pond, minivault_27
D:2:      layout_rooms, nicolae_overflow_crystal_walls, uniq_crazy_yiuf_cottage,
          uniq_jessica

Skill      XL: |  1  2 |
---------------+-------+-----
Spellcasting   | 3 |  3.0
Dodging        | |  1.6
Stealth        | |  1.5
Unarmed Combat | |  0.1
Necromancy     | |  4.6

Action                   || total
-------------------------++-------
Melee: Unarmed           ||     6
 Cast: Pain              ||    41
Armor: Robe              ||     3
Dodge: Dodged            ||    10

Table legend: (Time is in decaauts)
 A = Elapsed time spent in this place.
 B = Non-inter-level travel time spent in this place.
 C = Inter-level travel time spent in this place.
 D = Time resting spent in this place.
 E = Time spent auto-exploring this place.
 F = Levels seen in this place.
 G = Mean time per level.
                   A        B        C        D        E       F      G
               +--------+--------+--------+--------+--------+-----+--------+
         Total |   1401 |   1383 |     18 |    117 |   1123 |   2 |  700.5 |
       Dungeon |   1401 |   1383 |     18 |    117 |   1123 |   2 |  700.5 |
               +--------+--------+--------+--------+--------+-----+--------+

Top non-repeatable levels by time:
     D:1: 1394 daAuts
     D:2: 6 daAuts
